 Dungeon Crawl Stone Soup version 0.31-a0-361-g0f8bd3a31e (webtiles) character file.

Game seed: 983463734514708158

217 AdnanSaban the Covered (level 5, -3/33 HPs)
             Began as a Gargoyle Fighter on July 27, 2023.
             Slain by a gnoll
             ... wielding a +0 spear
              (5 damage)
             ... on level 4 of the Dungeon.
             The game lasted 00:02:32 (2561 turns).

AdnanSaban the Covered (Gargoyle Fighter)           Turns: 2561, Time: 00:02:32

Health: -3/33      AC: 14    Str: 22    XL:     5   Next: 94%
Magic:  5/5        EV:  5    Int:  8    God:
Gold:   94         SH: 11    Dex:  9    Spells: 4/4 levels left

rFire   . . .        a - +0 flail
rCold   . . .        A - +0 tower shield
rNeg    + . .        r - +0 chain mail
rPois   ∞            (no helmet)
rElec   +            (no cloak)
rCorr   .            (no gloves)
SInv    +            h - +0 pair of boots
Will    +....        (no amulet) Stlth
                     y - ring of see invisible
HPRegen 0.25/turn    w - ring of willpower
MPRegen 0.09/turn

%: no passive effects
@: no status effects
A: sickness immunity, AC +4, negative energy resistance 1, electricity
resistance, torment resistance 1, petrification resistance
a: no special abilities


You were on level 4 of the Dungeon.
You visited 1 branch of the dungeon, and saw 4 of its levels.

You collected 94 gold pieces.

Inventory:

Hand Weapons
 a - a +0 flail (weapon)
Missiles
 e - a throwing net
 q - 6 poisoned darts (quivered)
Armour
 h - a +0 pair of boots (worn)
 r - a +0 chain mail (worn)
 A - a +0 tower shield (worn)
Jewellery
 s - a ring of protection from cold
 w - a ring of willpower (right hand)
 y - a ring of see invisible (left hand)
 z - a ring of positive energy
Scrolls
 b - a scroll of blinking {unknown}
 j - 2 scrolls of immolation {unknown}
 l - 2 scrolls of fog {unknown}
 m - a scroll of enchant armour {unknown}
 o - a scroll of noise {unknown}
 p - a scroll of revelation {unknown}
 u - 2 scrolls of teleportation {unknown}
 v - a scroll of summoning {unknown}
 x - 3 scrolls of identify {unknown}
Potions
 c - a potion of lignification {unknown}
 d - a potion of might
 f - a potion of brilliance {unknown}
 g - a potion of heal wounds {unknown}
 i - a potion of resistance {unknown}
 k - 2 potions of mutation {unknown}
 n - a potion of haste {unknown}
 t - 2 potions of curing {unknown}


   Skills:
 + Level 4.1 Fighting
 + Level 4.0 Maces & Flails
 + Level 0.1 Throwing
 + Level 4.2 Armour
 + Level 1.0 Dodging
 + Level 4.1 Shields


You had 4 spell levels left.
You didn't know any spells.
Your spell library contained the following spells:

 Spells                   Type           Power      Damage    Failure   Level
 Freeze                   Ice            0%         1d3       100%        1
 Frozen Ramparts          Ice            0%         1d1       100%        3
 Hailstorm                Conj/Ice       0%         3d3       100%        3


Dungeon Overview and Level Annotations

Branches:
Dungeon (4/15)
 Temple: D:4-7

Altars:
Gozag


Innate Abilities, Weirdness & Mutations

You are immune to sickness and miasma.
Your stone body is resilient. (AC +4)
You are immune to poison.
You resist negative energy. (rN+)
You are resistant to electric shocks. (rElec)
You are resistant to unholy torment.
You are immune to petrification.


Message History

The gnoll is moderately wounded.
You block the gnoll's attack. The gnoll hits you but does no damage.
The gnoll closely misses you.
You barely miss the gnoll.
The gnoll is moderately wounded.
The gnoll hits you but does no damage. x2; You block the gnoll's attack.
The gnoll hits you but does no damage. x3
You sock the gnoll!
You kill the gnoll!
An adder comes into view.
You block the gnoll's attack. The gnoll barely misses you.
Your Shields skill increases to level 4!
The gnoll hits you from afar with a +0 spear.
* * * LOW HITPOINT WARNING * * *
There is an open door, spattered with blood here.
Items here: ))) [.
The gnoll attacks as you move away! The gnoll hits you with a +0 spear.
* * * LOW HITPOINT WARNING * * *
You block the gnoll's attack. The gnoll hits you but does no damage.
You barely miss the gnoll. You block the gnoll's attack.
The gnoll hits you but does no damage.
The gnoll hits you from afar with a +0 spear.
* * * LOW HITPOINT WARNING * * *
The gnoll barely misses you.
You barely miss the gnoll. The gnoll hits you but does no damage.
You block the gnoll's attack.
You hit the gnoll.
The gnoll is moderately wounded.
The gnoll hits you but does no damage. The gnoll hits you with a +0 spear.
* * * LOW HITPOINT WARNING * * *
You block the gnoll's attack. The gnoll hits you but does no damage.
You hit the gnoll but do no damage.
The gnoll is moderately wounded.
You block the gnoll's attack. The gnoll hits you but does no damage.
You barely miss the gnoll.
The gnoll is moderately wounded.
You block the gnoll's attack. The gnoll hits you but does no damage.
You block the gnoll's attack. The gnoll hits you with a +0 spear.
You die...

..# ####.# #....#
....# ...+ #### ..#
####...#####)#
....._..@ggB)##
#####...#####..#
....#####..../.#...
...............# #+
#####......S....#
#.##..............$#
#..........++......#
###........##......#
#................#


You could see 2 gnolls and a giant cockroach.

Vanquished Creatures
  An ogre (D:3)
  Jessica (D:3)
  2 gnolls (D:4)
  2 adders
  A worm (D:2)
  3 dart slugs
  8 orcs
  3 endoplasms
  4 goblins
  3 hobgoblins
  2 jackals (D:3)
  A kobold (D:1)
  4 quokkas
  7 ball pythons
  5 bats
  4 frilled lizards
  9 rats
60 creatures vanquished.

Notes
Turn   | Place    | Note
-------+----------+-------------------------------------------
     0 | D:1      | AdnanSaban the Gargoyle Fighter began the quest for the
                  | Orb.
     0 | D:1      | Reached XP level 1. HP: 14/14 MP: 1/1
   358 | D:1      | Reached XP level 2. HP: 19/19 MP: 2/2
   497 | D:1      | Found a faded altar of an unknown god.
  1208 | D:2      | Reached XP level 3. HP: 23/23 MP: 3/3
  1906 | D:3      | Reached XP level 4. HP: 12/29 MP: 4/4
  1994 | D:3      | Identified the +1 robe "Seshy" {rF+ Str-4 Dex+3}
  2150 | D:3      | Noticed Jessica
  2162 | D:3      | Killed Jessica
  2252 | D:3      | Noticed an ogre
  2277 | D:3      | Killed an ogre
  2278 | D:3      | Reached XP level 5. HP: 14/33 MP: 5/5
  2521 | D:4      | Found an opulent altar of Gozag.
  2532 | D:4      | Reached skill level 1 in Dodging
  2559 | D:4      | HP: 1/33 [gnoll/+0 spear (1)]
  2561 | D:4      | Slain by a gnoll

Illustrated notes

Levels and vault maps discovered:
D:1:      reono_arrival_forest_river, layout_loops_corners,
          ebering_ecumenical_altar_abandoned, grunt_decor_junction
D:2:      layout_basic
D:3:      layout_rooms, uniq_jessica
D:4:      layout_basic, mainiacjoe_overflow_surrounded_room,
          mainiacjoe_overflow_24_doors, nicolae_shop_self_help

Skill      XL: |  1  2  3  4  5 |
---------------+----------------+-----
Fighting       | 4 |  4.1
Maces & Flails | 3 4 |  4.0
Armour         | 4 |  4.2
Dodging        | 1 |  1.0
Shields        | 4 |  4.1
Throwing       | |  0.1

Action                     |  1- 3 |  4- 6 || total
---------------------------+-------+-------++-------
  Melee: Flail             |   116 |    73 ||   189
  Throw: Dart              |       |     3 ||     3
 Armour: Scale mail        |    21 |       ||    21
         Chain mail        |    37 |    83 ||   120
  Dodge: Dodged            |    36 |    50 ||    86
  Block: Buckler           |    24 |     9 ||    33
         Tower shield      |       |    52 ||    52

Table legend: (Time is in decaauts)
 A = Elapsed time spent in this place.
 B = Non-inter-level travel time spent in this place.
 C = Inter-level travel time spent in this place.
 D = Time resting spent in this place.
 E = Time spent auto-exploring this place.
 F = Levels seen in this place.
 G = Mean time per level.
                   A        B        C        D        E       F      G
               +--------+--------+--------+--------+--------+-----+--------+
         Total |   2642 |   2514 |    128 |      0 |   1995 |   4 |  660.5 |
       Dungeon |   2642 |   2514 |    128 |      0 |   1995 |   4 |  660.5 |
               +--------+--------+--------+--------+--------+-----+--------+

Top non-repeatable levels by time:
     D:1: 921 daAuts
     D:2: 863 daAuts
     D:3: 771 daAuts
     D:4: 85 daAuts
